 Dungeon Sprint DCSS version 0.19-a0-1932-g59670f6 (webtiles) character file.

1687 poirepourri the Eclecticist (level 8, -4/41 HPs)
             Began as a Deep Elf Fire Elementalist on Oct 25, 2016.
             Was a Priest of Vehumet.
             Slain by Erolcha
             ... wielding a +0 giant club
              (24 damage)
             ... in the Dungeon (Sprint III: "The Ten Rune Challenge").
             The game lasted 00:05:11 (1922 turns).

poirepourri the Eclecticist (DEFE)                  Turns: 1922, Time: 00:05:12

Health: -4/41      AC:  2    Str:  5    XL:     8   Next: 71%
Magic:  19/30      EV: 16    Int: 22    God:    Vehumet [***...]
Gold:   42         SH:  0    Dex: 16    Spells: 8 memorised, 17 levels left

rFire  . . .     SeeInvis .     e - +0 dagger
rCold  . . .     Gourm    .     a - +0 robe
rNeg   . . .     Faith    .     (no shield)
rPois  .         Spirit   .     (no helmet)
rElec  .         Reflect  .     (no cloak)
rCorr  .         Harm     .     (no gloves)
MR     .....     NoTele   +     (no boots)
Stlth  ++........               (no amulet)
                                (no ring)
                                (no ring)

@: no status effects
A: no striking features
a: Renounce Religion


You were in the Dungeon.
You worshipped Vehumet.
Vehumet was most pleased with you.
You were not hungry.

You visited 1 branch You collected 42 gold pieces.

Inventory:

Hand Weapons
 e - a +0 dagger (weapon)
Armour
 a - a +0 robe (worn)
Wands
 c - a wand of flame (11/48)
Scrolls
 l - 2 scrolls of remove curse
Potions
 d - a potion of curing
 g - 2 potions of magic
 h - 2 potions of mutation
 n - a potion of berserk rage
 q - 2 potions of cure mutation
 r - 2 potions of flight
Books
 b - a book of Flames

   Spells                             Type                      Level
   a - Flame Tongue                   Conjuration/Fire             1
   b - Throw Flame                    Conjuration/Fire             2
   c - Conjure Flame                  Conjuration/Fire             3
   d - Inner Flame                    Hexes/Fire                   3
   e - Sticky Flame                   Conjuration/Fire             4
   f - Fireball                       Conjuration/Fire             5
 j - a book of Cantrips

   Spells                             Type                      Level
   a - Confusing Touch                Hexes                        1
   b - Animate Skeleton               Necromancy                   1
   c - Summon Small Mammal            Summoning                    1
   d - Apportation                    Translocation                1
 k - a book of Minor Magic

   Spells                             Type                      Level
   a - Magic Dart                     Conjuration                  1
   b - Blink                          Translocation                2
   c - Call Imp                       Summoning                    2
   d - Repel Missiles                 Charms/Air                   2
   e - Slow                           Hexes                        2
   f - Conjure Flame                  Conjuration/Fire             3
   g - Mephitic Cloud                 Conjuration/Poison/Air       3
Comestibles
 m - a meat ration
 p - 2 royal jellies


   Skills:
 + Level 0.1 Fighting
 + Level 6.2 Dodging
 + Level 3.0 Stealth
 + Level 16.0 Spellcasting
 + Level 7.9 Conjurations
 + Level 13.0 Fire Magic


You had 17 spell levels left.
You knew the following spells:

 Your Spells              Type           Power        Failure   Level  Hunger
a - Flame Tongue          Conj/Fire      #####        1%          1    None
b - Throw Flame           Conj/Fire      ######       1%          2    None
c - Conjure Flame         Conj/Fire      ######..     1%          3    None
d - Inner Flame           Hex/Fire       #####...     1%          3    None
e - Sticky Flame          Conj/Fire      ######..     1%          4    None
f - Fireball              Conj/Fire      ######....   1%          5    ##.....
g - Magic Dart            Conj           ####         1%          1    None
h - Dazzling Spray        Conj/Hex       #####.       1%          3    None


Dungeon Overview and Level Annotations

Branches:
Dungeon (1/1)

Altars:
Cheibriados
Dithmenos
Elyvilon
Fedhas
Kikubaaqudgha
Makhleb
Okawaru
Qazlal
Ru
Sif Muna
Trog
Uskayaw
Vehumet
Xom
Yredelemnul
Zin
The Shining One
Beogh

Annotations:
D Erolcha


Message History

Erolcha is heavily wounded.
Erolcha growls.
Erolcha hits you with a giant club.
Casting: Flame Tongue
Confirm with . or Enter, or press ? or * to list all spells.
Aiming: Flame Tongue
Press: ? - help, Shift-Dir - straight line, f/p - Erolcha
Aim: Erolcha, wielding a giant club and wearing a robe (heavily wounded)
The flame tongue hits Erolcha.
Erolcha is severely wounded.
Casting: Flame Tongue
Confirm with . or Enter, or press ? or * to list all spells.
Aiming: Flame Tongue
Press: ? - help, Shift-Dir - straight line, f/p - Erolcha
Aim: Erolcha, wielding a giant club and wearing a robe (severely wounded)
The flame tongue hits Erolcha.
Erolcha is severely wounded.
Erolcha hits you with a giant club!!
Ouch! That really hurt!
You die...

♣ ♣♣.#...#__.#._#
♣♣♣..###)#'###'##
♣.♣..#.....[....#
♣♣...'.⌠.)......#
≈≈♣..#...######'# ≈....#.⌠.#
#...#+########### .....#...#
#...#....#)#.#.. .....#)###_
#...##.#).#.##.#
.....#...#__#...@##)#.#.##.#
..?..#___#__'...#O..#..#..##
▓▓▓▓▓▓▓▓▓▓▓▓▓▓▓▓▓▓▓▓▓▓▓▓▓▓▓


You could see Erolcha.

Vanquished Creatures
  A deep elf mage (D)
  A shadow (D)
  2 hill giants (D)
  A spatial vortex (D)
  A necrophage (D)
  3 two-headed ogres (D)
  A water elemental (D)
  A scorpion (D)
  A jelly (D)
  A wizard (D)
  Jessica (D)
  A necromancer (D)
  3 humans (D)
  A kobold demonologist (D)
  3 rats (D)
22 creatures vanquished.

Vanquished Creatures (others)
  2 draconian scorchers (D)
  2 yaktaurs (D)
  6 hellions (D)
10 creatures vanquished.

Grand Total: 32 creatures vanquished

Notes
Turn   | Place    | Note
-------+----------+-------------------------------------------
     0 | D        | poirepourri the Deep Elf Fire Elementalist began the quest for the Orb.
     0 | D        | Reached XP level 1. HP: 10/10 MP: 6/6
    28 | D        | Noticed Jessica
    30 | D        | Killed Jessica
    30 | D        | Reached skill level 5 in Spellcasting
    30 | D        | Reached skill level 5 in Fire Magic
    30 | D        | Reached XP level 2. HP: 15/15 MP: 5/10
    70 | D        | Killed a hellion
    74 | D        | Learned a level 2 spell: Throw Flame
    89 | D        | Killed a hellion
   119 | D        | Killed a yaktaur
   124 | D        | Reached XP level 3. HP: 10/19 MP: 0/12
   134 | D        | Killed a hellion
   165 | D        | Killed a hellion
   167 | D        | Killed a hellion
   209 | D        | Killed a white draconian scorcher
   281 | D        | Killed a white draconian scorcher
   310 | D        | Learned a level 3 spell: Conjure Flame
   314 | D        | Learned a level 3 spell: Inner Flame
   324 | D        | Noticed a scorpion
   329 | D        | Killed a yaktaur
   330 | D        | Killed a scorpion
   330 | D        | Reached skill level 7 in Spellcasting
   330 | D        | Reached XP level 4. HP: 24/24 MP: 4/15
   357 | D        | Killed a hellion
   456 | D        | Noticed a water elemental
   461 | D        | Killed a water elemental
   461 | D        | Reached skill level 8 in Spellcasting
   461 | D        | Reached XP level 5. HP: 28/28 MP: 13/18
   525 | D        | Found a radiant altar of Vehumet.
   525 | D        | Found a deep blue altar of Sif Muna.
   525 | D        | Found an ancient bone altar of Kikubaaqudgha.
   533 | D        | Noticed a soul eater
   533 | D        | Reached skill level 9 in Spellcasting
   598 | D        | Became a worshipper of Vehumet
   608 | D        | Learned a level 4 spell: Sticky Flame
   614 | D        | Learned a level 5 spell: Fireball
   617 | D        | Learned a level 1 spell: Magic Dart
   710 | D        | Found a glowing silver altar of Zin.
   710 | D        | Found a glowing golden altar of the Shining One.
   710 | D        | Found a white marble altar of Elyvilon.
   713 | D        | Noticed a deep elf mage
   718 | D        | Noticed a neqoxec
   718 | D        | Killed a deep elf mage
   718 | D        | Reached skill level 5 in Dodging
   718 | D        | Reached skill level 13 in Spellcasting
   718 | D        | Reached skill level 5 in Conjurations
   718 | D        | Reached XP level 6. HP: 32/32 MP: 5/24
   718 | D        | Reached XP level 7. HP: 36/36 MP: 5/25
   855 | D        | Found a hide-covered altar of Uskayaw.
   855 | D        | Found a roughly hewn altar of Beogh.
   855 | D        | Found an iron altar of Okawaru.
   855 | D        | Found a bloodstained altar of Trog.
   855 | D        | Noticed a human
   855 | D        | Noticed a human
   858 | D        | Killed a human
   858 | D        | Killed a human
   858 | D        | Reached * piety under Vehumet
   858 | D        | Offered knowledge of Shock by Vehumet.
   858 | D        | Reached skill level 14 in Spellcasting
   917 | D        | Found a basalt altar of Yredelemnul.
   917 | D        | Found a shadowy altar of Dithmenos.
   917 | D        | Found a sacrificial altar of Ru.
  1081 | D        | Reached ** piety under Vehumet
  1081 | D        | Offered knowledge of Searing Ray by Vehumet.
  1106 | D        | Noticed a shadow
  1116 | D        | Killed a shadow
  1116 | D        | Reached XP level 8. HP: 10/41 MP: 24/28
  1382 | D        | Found a blossoming altar of Fedhas.
  1382 | D        | Found a stormy altar of Qazlal.
  1382 | D        | Found a snail-covered altar of Cheibriados.
  1382 | D        | Found a burning altar of Makhleb.
  1382 | D        | Found a shimmering altar of Xom.
  1402 | D        | Reached skill level 15 in Spellcasting
  1512 | D        | Offered knowledge of Static Discharge by Vehumet.
  1513 | D        | Reached *** piety under Vehumet
  1693 | D        | Offered knowledge of Dazzling Spray by Vehumet.
  1693 | D        | Reached skill level 16 in Spellcasting
  1840 | D        | Learned a level 3 spell: Dazzling Spray
  1905 | D        | Noticed Erolcha
  1922 | D        | Slain by Erolcha

Vault maps used:
D:        dungeon_sprint_mu

Skill      XL: |  1  2  3  4  5  6  7  8 |
---------------+-------------------------+-----
Dodging        | 3 4 5 6 |  6.2
Spellcasting   | 5 7 8 13 14 16 | 16.0
Fire Magic     | 5 6 7 8 11 12 13 | 13.0
Conjurations   | 2 5 6 7 |  7.9
Stealth        | 3 |  3.0
Fighting       | |  0.1

Action                   |  1- 3 |  4- 6 |  7- 9 || total
-------------------------+-------+-------+-------++-------
Melee: Unarmed           |     2 |       |       ||     2
 Cast: Flame Tongue      |    10 |    12 |    37 ||    59
       Throw Flame       |     7 |     2 |     9 ||    18
       Fireball          |       |     1 |    17 ||    18
       Magic Dart        |       |       |     5 ||     5
  Use: Potion            |     1 |       |     3 ||     4
       Scroll            |       |     5 |     1 ||     6
  Eat: Bread ration      |       |       |     1 ||     1
Armor: Robe              |     1 |     1 |       ||     2
Dodge: Dodged            |     5 |     2 |    15 ||    22
